 Dungeon Crawl Stone Soup version 0.28.0-53-g5a82cb258f (webtiles) character file.

Game seed: 5544293094327755904

15152 Revguard the Prestidigitator (level 11, -28/86 HPs)
             Began as a Demonspawn Fighter on May 24, 2022.
             Was a High Priest of Okawaru.
             Annihilated by a white ugly thing (29 damage)
             ... on level 15 of the Dungeon.
             The game lasted 00:30:53 (14235 turns).

Revguard the Prestidigitator (Demonspawn Fighter)  Turns: 14235, Time: 00:30:53

Health: -28/86     AC: 18    Str: 18    XL:     11   Next: 98%
Magic:  18/18      EV: 13    Int: 10    God:    Okawaru [*****.]
Gold:   640        SH:  6    Dex: 17    Spells: 10/10 levels left

rFire   . . .      SeeInvis .   s - +2 double sword (flame)
rCold   . . .      Faith    .   c - +0 buckler
rNeg    + + .      Spirit   .   l - +6 scale mail of Generosity {rN+}
rPois   .          Reflect  .   d - +0 helmet
rElec   .          Harm     .   h - scarf {+Inv}
rCorr   +          Rampage  .   (no gloves)
Will    +....      Clarity  +   x - +0 pair of boots
Stlth   ..........              (no amulet)
HPRegen 0.24/turn               m - ring of resist corrosion
MPRegen 0.16/turn               w - ring of positive energy

@: studying Evocations
A: thin metallic scales 1, foul stench 1, powered by death 1, weakness stinger
2, agile 1, clarity, strong-willed 1, MP-powered wands
a: Renounce Religion, Evoke Invisibility, Heroism, Finesse, Duel


You were on level 15 of the Dungeon.
You worshipped Okawaru.
Okawaru was extremely pleased with you.
You visited 1 branch of the dungeon, and saw 13 of its levels.

You collected 640 gold pieces.

Inventory:

Hand Weapons
 s - a +2 double sword of flaming (weapon)
Armour
 c - a +0 buckler (worn)
 d - a +0 helmet (worn)
 h - a scarf of invisibility (worn)
 l - the +6 scale mail of Generosity (worn) {rN+}
   (You found it on level 2 of the Dungeon)

   rN:        It protects you from negative energy.
 x - a +0 pair of boots (worn)
 y - the +0 cloak of the Turtle {+Blink Str+9 SInv}
   (Okawaru gifted it to you on level 11 of the Dungeon)

   Str:       It affects your strength (+9).
   SInv:      It lets you see invisible.
   +Blink:    It lets you blink.
Jewellery
 a - a ring of fire
 m - a ring of resist corrosion (left hand)
 p - a ring of protection from fire
 q - a +4 ring of evasion
 r - a ring of willpower
 w - a ring of positive energy (right hand)
 A - a +4 ring of evasion
Wands
 n - a wand of flame (23)
 t - a wand of acid (3)
 v - a wand of polymorph (15)
Scrolls
 b - a scroll of holy word
 k - 5 scrolls of teleportation
 o - a scroll of fog
 D - a scroll of silence
 E - a scroll of identify
 F - a scroll of torment {unknown}
Potions
 e - 5 potions of curing
 f - a potion of flight
 g - 3 potions of attraction
 i - 6 potions of haste
 j - 2 potions of ambrosia
 u - 2 potions of heal wounds
 z - a potion of lignification
 B - a potion of cancellation
 C - a potion of might


   Skills:
 + Level 8.1 Fighting
 + Level 7.0 Long Blades
 + Level 7.3 Armour
 + Level 6.7 Dodging
 + Level 7.4 Shields
 + Level 9.7 Invocations
 + Level 10.1 Evocations


You had 10 spell levels left.
You didn't know any spells.
Your spell library contained the following spells:

 Spells                   Type           Power      Damage    Failure   Level
 Beastly Appendage        Tmut           0%         N/A       80%         1
 Wereblood                Tmut           0%         N/A       90%         2
 Spider Form              Tmut/Pois      0%         N/A       99%         3
 Stone Arrow              Conj/Erth      0%         3d7       99%         3
 Petrify                  Tmut/Erth      0%         N/A       100%        4
 Metabolic Englaciation   Hex/Ice        0%         N/A       100%        5
 Statue Form              Tmut/Erth      0%         N/A       100%        6
 Lehudib's Crystal Spear  Conj/Erth      0%         10d2      100%        8
 Animate Armour           Summ/Erth      Unusable   N/A       N/A         4

Dungeon Overview and Level Annotations

Branches:
Dungeon (12/15)            Temple (0/1) D:5            Lair (0/6) D:11
    Orc (0/2) D:9

Altars:
Ashenzari
Cheibriados
Fedhas
Makhleb
Okawaru
Sif Muna
Trog
Wu Jian

Shops:
D:12 !

Annotations:
D:12 2 runed translucent doors, 101zpm's ghost, journeyman DjFE


Innate Abilities, Weirdness & Mutations

You are partially covered in thin metallic scales. (AC +2)
You may rarely emit foul miasma when damaged in melee.
You regenerate a little health from kills.
You have a tail ending in a sharp stinger.
You are agile. (Dex +2)
You possess an exceptional clarity of mind.
You are strong-willed. (Will+)
You expend magic power (3 MP) to strengthen your wands.


Message History

The white ugly thing freezes you!!
You slash the white ugly thing! You burn the white ugly thing.
The white ugly thing is lightly wounded.
The white ugly thing closely misses you.
You slash the white ugly thing! You burn the white ugly thing.
You tail-slap the white ugly thing, but do no damage.
The white ugly thing is moderately wounded.
You block the white ugly thing's attack.
You barely miss the white ugly thing.
Your tail-slap misses the white ugly thing.
The white ugly thing is moderately wounded.
The white ugly thing tentacle-slaps you.
The white ugly thing freezes you!
You hit the white ugly thing. You burn the white ugly thing.
The white ugly thing is moderately wounded.
You block the white ugly thing's attack.
You closely miss the white ugly thing. You tail-slap the white ugly thing.
The white ugly thing is heavily wounded.
The white ugly thing misses you.
The white ugly thing tentacle-slaps you but does no damage.
You slash the white ugly thing! You burn the white ugly thing.
The white ugly thing is severely wounded.
You hear an angry hiss.
The white ugly thing tentacle-slaps you but does no damage.
You hear a shout!
You slash the white ugly thing! You burn the white ugly thing.
The white ugly thing is almost dead.
You hear a shout!
The white ugly thing tentacle-slaps you.
The white ugly thing freezes you!!
* * * LOW HITPOINT WARNING * * *
You closely miss the white ugly thing.
The white ugly thing is almost dead.
The white ugly thing tentacle-slaps you but does no damage.
You hit the white ugly thing. You burn the white ugly thing.
The white ugly thing is almost dead.
The white ugly thing tentacle-slaps you!
* * * LOW HITPOINT WARNING * * *
The white ugly thing freezes you!!
You die...

≈≈# +.
$!##.#+
...+#.#
.l..+#.
..... .u.
##+#'#
###.#u##
#.....@#+
+#..P⌠..#
#..P8P.#+
+#.⌠P...#
#......##
#..#.#.#
+.##+#+##
#+


You could see a white ugly thing.

Vanquished Creatures
  Josephine (D:10)
  3 hydras (D:11)
  A two-headed ogre (D:9)
  A death knight (D:11)
  An oklob plant (D:11)
  An ugly thing (D:11)
  3 cyclopes
  Joseph (D:7)
  An unseen horror (D:11)
  A hornet (D:9)
  Prince Ribbit (D:7)
  A troll (D:11)
  3 shadows
  A vampire (D:11)
  A wyvern (D:9)
  6 yaks
  4 wraiths (D:10)
  2 steam dragons
  Edmund (D:5)
  An acid dragon (D:12)
  3 water moccasins
  A swamp drake (D:9)
  2 sky beasts
  An ice beast (D:7)
  8 orc warriors
  5 ogres
  3 centaurs
  3 phantoms
  2 kobold brigands
  A wyvern zombie (D:7)
  2 bullfrogs
  4 scorpions
  2 wyvern skeletons
  A water moccasin zombie (D:7)
  8 killer bees
  3 wights (D:6)
  2 howler monkeys
  4 centaur zombies
  3 jellies
  A bullfrog zombie (D:7)
  A bullfrog skeleton (D:6)
  A centaur skeleton (D:6)
  2 gnoll shamans
  7 orc priests
  2 hounds (D:5)
  Terence (D:3)
  4 iguanas
  10 orc wizards
  A killer bee zombie (D:7)
  Robin (D:4)
  6 adders
  A shadow imp (D:5)
  2 ufetubi (D:5)
  3 adder skeletons (D:4)
  5 worms
  3 dart slugs
  40 orcs
  4 bats
  6 endoplasms
  2 giant cockroaches
  17 goblins
  10 hobgoblins
  4 jackals (D:4)
  14 kobolds
  7 quokkas
  5 ball pythons
  3 frilled lizards
  6 rats
262 creatures vanquished.

Vanquished Creatures (others)
  3 plants (D:11)
  2 withered plants (D:1)
5 creatures vanquished.

Grand Total: 267 creatures vanquished

Notes
Turn   | Place    | Note
-------+----------+-------------------------------------------
     0 | D:1      | Revguard the Demonspawn Fighter began the quest for the
                  | Orb.
     0 | D:1      | Reached XP level 1. HP: 18/18 MP: 1/1
   386 | D:1      | Gained mutation: You may rarely emit foul miasma when
                  | damaged in melee. [demonic ancestry]
   386 | D:1      | Reached XP level 2. HP: 24/24 MP: 2/2
   544 | D:1      | Reached skill level 1 in Invocations
   778 | D:1      | Found a faded altar of an unknown god.
  1196 | D:2      | Gained mutation: You regenerate a little health from kills.
                  | [demonic ancestry]
  1196 | D:2      | Reached XP level 3. HP: 29/29 MP: 3/3
  1310 | D:2      | Found an iron altar of Okawaru.
  1319 | D:2      | Became a worshipper of Warmaster Okawaru
  1423 | D:2      | Reached skill level 1 in Evocations
  1552 | D:2      | Identified the +6 scale mail of Generosity {rN+}
  1842 | D:2      | Reached skill level 1 in Dodging
  1851 | D:2      | Reached XP level 4. HP: 30/35 MP: 5/5
  2429 | D:3      | Found an ornate altar of the Wu Jian Council.
  2596 | D:3      | Noticed an ogre
  2605 | D:3      | Killed an ogre
  2606 | D:3      | Reached XP level 5. HP: 34/41 MP: 6/6
  2726 | D:3      | Found a blossoming altar of Fedhas.
  2765 | D:3      | Noticed Terence
  2774 | D:3      | Killed Terence
  2774 | D:3      | Reached * piety under Okawaru
  2969 | D:3      | Found a shimmering blue altar of Sif Muna.
  3207 | D:4      | Noticed Robin
  3240 | D:4      | Reached skill level 2 in Evocations
  3242 | D:4      | Reached XP level 6. HP: 33/48 MP: 7/7
  3251 | D:4      | Killed Robin
  3592 | D:4      | Found a broken altar of Ashenzari.
  3774 | D:4      | Reached XP level 7. HP: 52/54 MP: 9/9
  4237 | D:5      | Entered Level 5 of the Dungeon
  4274 | D:5      | Identified 2 scrolls of acquirement
  4274 | D:5      | Acquired a manual of Evocations
  4275 | D:5      | Acquired a +0 double sword of flaming
  4442 | D:5      | Gained mutation: You occasionally shout uncontrollably at
                  | your foes. [potion of mutation]
  4442 | D:5      | Gained mutation: You are somewhat resistant to further
                  | mutation. [potion of mutation]
  4444 | D:5      | Lost mutation: You are somewhat resistant to further
                  | mutation. [potion of mutation]
  4444 | D:5      | Lost mutation: You occasionally shout uncontrollably at
                  | your foes. [potion of mutation]
  4444 | D:5      | Gained mutation: You expend magic power (3 MP) to
                  | strengthen your wands. [potion of mutation]
  4444 | D:5      | Gained mutation: You are strong-willed. (Will+) [potion of
                  | mutation]
  4444 | D:5      | Gained mutation: You are agile. (Dex +2) [potion of
                  | mutation]
  4444 | D:5      | Gained mutation: You possess an exceptional clarity of
                  | mind. [potion of mutation]
  4508 | D:5      | Found a staircase to the Ecumenical Temple.
  4592 | D:5      | Reached skill level 3 in Evocations
  4640 | D:5      | Reached ** piety under Okawaru
  5043 | D:5      | Gained mutation: You have a small tail. [demonic ancestry]
  5043 | D:5      | Reached XP level 8. HP: 38/61 MP: 11/11
  5156 | D:6      | Noticed Edmund
  5176 | D:5      | Reached skill level 4 in Evocations
  5634 | D:5      | Killed Edmund
  5635 | D:5      | Reached skill level 5 in Invocations
  5864 | D:5      | Reached *** piety under Okawaru
  6078 | D:6      | Reached skill level 5 in Fighting
  6083 | D:6      | HP: 3/60 [wight/+3 halberd (9)]
  6086 | D:6      | Noticed a cyclops
  6490 | D:7      | Reached skill level 5 in Evocations
  6689 | D:7      | Found an iron altar of Okawaru.
  6718 | D:7      | Gained mutation: You have a tail ending in a sharp stinger.
                  | [demonic ancestry]
  6718 | D:7      | Reached XP level 9. HP: 68/68 MP: 13/13
  6731 | D:7      | Noticed Joseph
  6739 | D:7      | Killed Joseph
  6922 | D:7      | Noticed Prince Ribbit
  6931 | D:7      | Killed Prince Ribbit
  6932 | D:7      | Reached skill level 5 in Armour
  6932 | D:7      | Reached skill level 5 in Shields
  7154 | D:7      | Reached **** piety under Okawaru
  7155 | D:7      | Reached skill level 6 in Evocations
  7605 | D:6      | Killed a cyclops
  7606 | D:6      | Reached skill level 5 in Long Blades
  7898 | D:6      | Found a snail-covered altar of Cheibriados.
  8050 | D:6      | Found a burning altar of Makhleb.
  8050 | D:6      | Noticed a green death
  8394 | D:8      | Identified the +1 scale mail of Plog {Rampage rN+ Int+2
                  | Dex-4}
  8449 | D:8      | Reached skill level 7 in Evocations
  8631 | D:8      | Reached XP level 10. HP: 65/76 MP: 15/15
  9110 | D:9      | Noticed a two-headed ogre
  9124 | D:9      | Killed a two-headed ogre
  9124 | D:9      | Reached ***** piety under Okawaru
  9125 | D:9      | Reached skill level 5 in Dodging
  9277 | D:9      | Received a gift from Okawaru
  9504 | D:9      | Found a staircase to the Orcish Mines.
 10100 | D:9      | Found a bloodstained altar of Trog.
 10201 | D:9      | Reached skill level 8 in Evocations
 10644 | D:10     | Entered Level 10 of the Dungeon
 10770 | D:10     | Noticed Josephine
 10779 | D:10     | Killed Josephine
 10780 | D:10     | Gained mutation: You are partially covered in thin metallic
                  | scales. (AC +2) [demonic ancestry]
 10780 | D:10     | Reached XP level 11. HP: 39/84 MP: 4/17
 11293 | D:10     | Reached skill level 9 in Evocations
 11995 | D:11     | Noticed an oklob plant
 11999 | D:11     | Found a staircase to the Lair.
 12011 | D:11     | Killed an oklob plant
 12136 | D:11     | Noticed a six-headed hydra
 12145 | D:11     | Killed a one-headed hydra
 12314 | D:11     | Noticed a five-headed hydra
 12330 | D:11     | Killed a one-headed hydra
 12636 | D:11     | Noticed a death knight
 12662 | D:11     | Killed a death knight
 12861 | D:11     | Noticed a seven-headed hydra
 12868 | D:11     | Killed a five-headed hydra
 12868 | D:11     | Identified the +0 cloak of the Turtle {+Blink Str+9 SInv}
                  | (Okawaru gifted it to you on level 11 of the Dungeon)
 12868 | D:11     | Received a gift from Okawaru
 13406 | D:11     | Noticed a green ugly thing
 13413 | D:11     | Killed a green ugly thing
 13567 | D:12     | Found Otiaqapt's Distillery.
 13593 | D:12     | Reached skill level 10 in Evocations
 13781 | D:12     | Found a large runed translucent door.
 13781 | D:12     | Found a large runed translucent door.
 13786 | D:12     | Noticed 101zpm's ghost (journeyman DjFE)
 14219 | D:12     | You fall into a shaft and drop 3 floors!
 14219 | D:15     | Entered Level 15 of the Dungeon
 14224 | D:15     | Noticed a white ugly thing
 14235 | D:15     | HP: 1/86 [white ugly thing (9)]
 14235 | D:15     | Annihilated by a white ugly thing

Illustrated notes

Levels and vault maps discovered:
D:1:      matt_arrival_refuge, layout_basic, ebering_ecumenical_altar_petrified
D:2:      layout_loops_corners, basic_altar, minmay_small_reverse_x
D:3:      layout_loops_ring, mainiacjoe_overflow_24_doors,
          mainiacjoe_overflow_cross_hatched, lemuel_coloured_pillars_altar,
          uniq_terence
D:4:      layout_rooms, nicolae_overflow_hidden_temple,
          hangedman_minor_gate_pass, uniq_robin
D:5:      layout_basic, minmay_temple_entry_junction, minmay_misc_feat_x
D:6:      cheibrodos_fzero, layout_cave_pools, makhleb_altar_promises_db,
          cheibriados_altar_2, nicolae_benzene_ring, uniq_edmund
D:7:      layout_loops_ring, lemuel_doored_altar, minivault_26, uniq_joseph,
          uniq_prince_ribbit1
D:8:      layout_basic
D:9:      layout_basic, old_standard_altar, erik_orc_1, minmay_misc_feat_iff
D:10:     layout_cave_pools, uniq_josephine
D:11:     layout_roguey, dpeg_oklobed_lair
D:12:     layout_cave_pods, serial_shops, nicolae_shop_crystal,
          ebering_ghost_disaster_area, tgw_trog
D:15:     hangedman_slaughterboxes, serial_shops, uniq_louise, uniq_jorgrun,
          uniq_rupert, uniq_azrael

Skill      XL: |  1  2  3  4  5  6  7  8  9 10 11 |
---------------+----------------------------------+-----
Invocations    | 1 2 3 4 5 7 8 9 |  9.7
Long Blades    | 2 3 4 5 6 7 |  7.0
Evocations     | 1 2 3 5 7 8 10 | 10.1
Dodging        | 1 2 3 4 5 6 |  6.7
Armour         | 3 4 5 6 7 |  7.3
Shields        | 3 4 5 6 7 |  7.4
Fighting       | 4 5 6 7 8 |  8.1

Action                   |  1- 3 |  4- 6 |  7- 9 | 10-12 || total
-------------------------+-------+-------+-------+-------++-------
Melee: Long sword        |   137 |   180 |    33 |       ||   350
       Double sword      |       |       |   233 |   338 ||   571
       Tailslap          |       |       |    34 |    59 ||    93
Invok: Heroism           |       |       |     2 |     2 ||     4
       Finesse           |       |       |     1 |     2 ||     3
 Abil: Evoke Invisibilit |       |       |       |     1 ||     1
Evoke: Wand              |       |       |       |    12 ||    12
  Use: Scroll            |       |     6 |     7 |     5 ||    18
       Potion            |       |     1 |    13 |       ||    14
 Stab: Confused          |       |       |       |     1 ||     1
       Invisible         |       |       |       |     8 ||     8
Armor: Scale mail        |    74 |   135 |   202 |   249 ||   660
Dodge: Dodged            |    60 |   129 |   238 |   230 ||   657
Block: Buckler           |    35 |    59 |   122 |   133 ||   349
